 Dungeon Crawl Stone Soup version 0.19.5 (webtiles) character file.

889 tof the Twirler (level 7, -3/63 HPs)
             Began as a Minotaur Gladiator on Mar 5, 2017.
             Killed by nerve-wracking pain
             ... invoked by an orc priest
              (11 damage)
             ... on level 4 of the Dungeon.
             The game lasted 00:08:28 (2969 turns).

tof the Twirler (Minotaur Gladiator)                Turns: 2969, Time: 00:08:28

Health: -3/63      AC: 11    Str: 20    XL:     7   Next: 77%
Magic:  6/6        EV:  8    Int:  5    God:
Gold:   188        SH:  0    Dex: 12    Spells: 0 memorised, 6 levels left

rFire  . . .     SeeInvis .     a - +0 quarterstaff
rCold  . . .     Gourm    .     j - +0 plate armour
rNeg   . . .     Faith    .     (shield currently unavailable)
rPois  .         Spirit   .     c - +0 hat
rElec  .         Reflect  .     (no cloak)
rCorr  .         Harm     .     (no gloves)
MR     .....                    (no boots)
Stlth  ..........               (no amulet)
                                (no ring)
                                (no ring)

@: no status effects
A: retaliatory headbutt, horns 2
a: no special abilities


You were on level 4 of the Dungeon.
You were not hungry.

You visited 1 branch of the dungeon, and saw 4 of its levels.

You collected 188 gold pieces.

Inventory:

Hand Weapons
 a - a +0 quarterstaff (weapon)
Missiles
 d - 3 throwing nets
 p - 2 tomahawks of dispersal (quivered)
Armour
 b - a +0 leather armour
 c - a +0 hat (worn)
 j - a +0 plate armour (worn)
Wands
 w - a wand of polymorph (0/24)
Scrolls
 e - 3 scrolls of identify {unknown}
 k - 2 scrolls of random uselessness {unknown}
 m - a scroll of teleportation {unknown}
 q - a scroll of enchant armour {unknown}
 r - 2 scrolls of remove curse {unknown}
 s - a scroll of immolation {unknown}
 t - 3 scrolls of recharging {unknown}
Potions
 v - a potion of flight
Books
 n - a book of Minor Magic

   Spells                             Type                      Level
   a - Magic Dart                     Conjuration                  1
   b - Blink                          Translocation                2
   c - Call Imp                       Summoning                    2
   d - Repel Missiles                 Charms/Air                   2
   e - Slow                           Hexes                        2
   f - Conjure Flame                  Conjuration/Fire             3
   g - Mephitic Cloud                 Conjuration/Poison/Air       3
Comestibles
 f - 2 bread rations
 g - a slice of pizza
 h - a beef jerky
 i - a royal jelly


   Skills:
 * Level 6.0 Fighting
 * Level 6.8 Staves
 + Level 3.8 Throwing
 + Level 3.5 Armour
 + Level 5.0 Dodging


You had 6 spell levels left.
You didn't know any spells.

Dungeon Overview and Level Annotations

Branches:
Dungeon (4/15)
 Temple: D:4-7

Altars:


Innate Abilities, Weirdness & Mutations

You reflexively headbutt those who attack you in melee.
You have a pair of horns on your head.


Message History

You barely miss the orc priest.
The orc priest hits you but does no damage.
You are electrocuted!
* * * LOW HITPOINT WARNING * * *
You are too injured to fight recklessly!
You are too injured to fight recklessly!
You are too injured to fight recklessly!
You feel better.
The orc priest calls down the wrath of Beogh upon you.
Beogh smites you!
* * * LOW HITPOINT WARNING * * *
You are too injured to fight recklessly!
You are too injured to fight recklessly!
You closely miss the orc priest.
The orc priest hits you but does no damage.
You closely miss the orc priest. You closely miss the orc priest.
The orc priest mumbles some strange prayers to Beogh against you.
Pain shoots through your body!
You die...

#### #...... ≈≈≈≈# ###
#...... ≈≈≈≈≈###.# #######
#...... ...≈≈....# #.....#
#...... ....≈≈...# #.....#
#...... ≈≈....≈..# #.....#
#...... ..≈≈..≈..# #.....#
#......
....≈≈...#####.....########.#
o≈⌠........o@'....().[)......
.⌠≈≈.......###.....########)#
....≈....#.###.....###### #.#
≈≈..≈....#.........p....# #..
K.≈≈(....#..............###..
p.......................'.'..
≈........##.(......(....###..
≈≈≈≈≈###.##.............# ###
≈≈# ## #.............#


You could see an orc priest and a neutral freed slave (wandering).

Vanquished Creatures
  Pikel (D:4)
  An orc warrior (D:4)
  2 slaves (D:4)
  A phantom (D:4)
  An orc priest (D:3)
  Terence (D:2)
  A worker ant (D:4)
  A howler monkey skeleton (D:4)
  6 adders
  A worm (D:2)
  A dart slug (D:4)
  5 leopard geckos
  5 orcs
  A ball python (D:1)
  7 bats
  4 giant cockroaches
  11 goblins
  6 hobgoblins
  4 quokkas
  4 frilled lizards (D:1)
  11 kobolds
  8 rats (D:1)
83 creatures vanquished.

Notes
Turn   | Place    | Note
-------+----------+-------------------------------------------
     0 | D:1      | tof the Minotaur Gladiator began the quest for the Orb.
     0 | D:1      | Reached XP level 1. HP: 18/18 MP: 0/0
   258 | D:1      | Reached XP level 2. HP: 23/25 MP: 1/1
   682 | D:1      | Reached XP level 3. HP: 30/30 MP: 2/2
   890 | D:2      | Reached skill level 1 in Armour
  1097 | D:2      | Noticed Terence
  1109 | D:2      | Killed Terence
  1109 | D:2      | Reached XP level 4. HP: 26/38 MP: 3/3
  1769 | D:3      | Reached skill level 5 in Staves
  1769 | D:3      | Reached XP level 5. HP: 44/45 MP: 4/4
  2770 | D:4      | Noticed a phantom
  2794 | D:4      | Killed a phantom
  2794 | D:4      | Reached XP level 6. HP: 48/53 MP: 5/5
  2830 | D:4      | Noticed a slave
  2831 | D:4      | Noticed a slave
  2833 | D:4      | Noticed Pikel
  2864 | D:4      | Noticed a slave
  2867 | D:4      | Killed a slave
  2877 | D:4      | Noticed a slave
  2880 | D:4      | Killed a slave
  2893 | D:4      | Killed Pikel
  2893 | D:4      | Reached skill level 5 in Fighting
  2893 | D:4      | Reached XP level 7. HP: 54/62 MP: 6/6
  2961 | D:4      | Reached skill level 5 in Dodging
  2969 | D:4      | Killed from afar by an orc priest

Skill      XL: |  1  2  3  4  5  6  7 |
---------------+----------------------+-----
Staves         | 4 5 6 |  6.8
Armour         | 1 2 3 |  3.5
Dodging        | 4 5 |  5.0
Fighting       | 3 4 5 6 |  6.0
Throwing       | 3 |  3.8

Action                   |  1- 3 |  4- 6 |  7- 9 || total
-------------------------+-------+-------+-------++-------
Melee: Quarterstaff      |    70 |   118 |    22 ||   210
       Headbutt          |     8 |    15 |     6 ||    29
       Unarmed           |       |     7 |       ||     7
Throw: Tomahawk          |       |     4 |       ||     4
Evoke: Wand              |       |       |     4 ||     4
  Use: Potion            |     4 |     3 |     3 ||    10
 Stab: Confused          |       |     1 |       ||     1
  Eat: Chunk             |       |     6 |     1 ||     7
Armor: Leather armour    |    10 |       |       ||    10
       Plate armour      |    19 |    72 |     3 ||    94
Dodge: Dodged            |    44 |    44 |    10 ||    98
